Map: Patria vetusta

Players

MrFercho

  • Race: Zerg Zerg
  • Spawn Location: 7:00

tigro

  • Race: Terran Terran
  • Spawn Location: 11:00

Behab

  • Race: Protoss Protoss
  • Spawn Location: 1:00

mjensen

  • Race: Terran Terran
  • Spawn Location: 9:00

VOD

Have the link to the VOD?

Description

Time

  • Played on: July 8, 2019, 10:55 p.m.
  • Length: 16:47
Show
View Real Time Build Order
Export as new Build Order

MrFercho Zerg 

Build Orders: 1 Base Baneling Bust, Pool First 

Get SALT Encoding   

  12  0:06  Drone  
  13  0:13  Overlord  
  13  0:19  Drone  
  14  0:38  Spawning Pool  
  14  0:39  Drone  
  14  0:43  Drone  
  14  0:48  Extractor  
  14  0:55  Drone x2  
  14  0:56  Extractor  
  15  1:22  Drone  
  16  1:30  Zergling x4  
  18  1:43  Drone  
  19  1:52  Queen  
  21  2:04  Evolution Chamber  
  21  2:07  Drone x2  
  22  2:09  Overlord  
  22  2:22  Roach Warren  
  21  2:37  Drone x2  
  23  2:50  Baneling Nest  
  22  3:13  Roach x3  
  28  3:20  Drone x2  
  28  3:22  Overlord  
  30  3:57  Lair  
  30  4:19  Drone  
  30  4:20  Drone x2  
  31  4:34  Overlord x2  
  31  4:54  Ravager  
  31  4:55  Ravager  
  33  5:07  Hydralisk Den  
  24  5:30  Zergling x6  
  27  6:07  Hydralisk  
  27  6:08  Zergling x2  
  27  6:09  Zergling x2  
  31  6:31  Infestation Pit  
  30  6:56  Burrow  
  30  6:58  Metabolic Boost  
  30  7:00  Centrifical Hooks  
  30  7:07  Drone x2  
  32  7:09  Infestor x2  
  32  7:13  Overlord  
  29  8:25  Hatchery  
  28  8:30  Roach x3  
  28  8:33  Hydralisk x2  
  41  8:38  Muscular Augments  
  41  8:41  Glial Reconstitution  
  27  9:25  Ravager x2  
  27  9:26  Ravager  
  30  9:50  Grooved Spines  
  28  10:18  Hydralisk x3  
  34  10:24  Drone x2  
  34  10:25  Drone  
  37  10:35  Zerg Melee Weapons Level 1  
  37  10:47  Drone x2  
  39  11:19  Spine Crawler  
  38  12:05  Drone x3  
  41  12:09  Hydralisk  
  41  12:10  Hydralisk x4  
  41  12:13  Overlord  
  51  12:31  Lair  
  51  12:39  Drone  
  51  12:40  Drone x2  
  54  12:58  Extractor  
  54  12:59  Extractor  
  54  13:01  Drone  
  53  13:18  Overseer  
  53  13:25  Roach x2  
  53  13:26  Roach  
  5  15:03  Hatchery  
  5  15:06  Extractor x2  
Show
View Real Time Build Order
Export as new Build Order

tigro Terran 

Build Orders:  

Get SALT Encoding   

  12  0:11  SCV  
  13  0:22  Supply Depot  
  13  0:23  SCV  
  14  0:35  SCV  
  15  0:38  Refinery  
  15  0:44  Refinery  
  15  0:47  SCV  
  16  1:07  Barracks, SCV  
  17  1:19  SCV  
  18  1:31  SCV  
  19  1:45  SCV  
  20  1:56  Marine  
  20  1:57  SCV  
  20  1:58  Engineering Bay  
  22  2:14  Marine  
  23  2:28  Supply Depot  
  23  2:30  Barracks  
  23  2:32  Hi-Sec Auto Tracking  
  23  2:50  Marine  
  24  3:07  Marine  
  25  3:21  Barracks Tech Lab  
  25  3:25  Reaper  
  26  3:30  Factory  
  26  3:38  Missile Turret  
  26  3:42  Marauder  
  28  4:03  Marauder  
  28  4:11  Planetary Fortress  
  28  4:15  Command Center  
  27  4:25  Marauder  
  29  4:46  Marauder  
  29  4:47  Factory Tech Lab  
  31  4:55  Command Center  
  31  5:01  Combat Shield  
  31  5:09  Barracks Tech Lab  
  31  5:18  Supply Depot  
  31  5:27  Marauder, SCV  
  34  6:02  Bunker  
  34  6:08  Starport  
  34  6:20  Concussive Shells  
  34  6:29  Bunker  
  17  7:02  SCV  
  17  7:05  Missile Turret  
  17  7:06  SCV  
  19  7:14  SCV  
  20  7:19  SCV  
  21  7:24  Stimpack  
  21  7:49  Refinery  
  21  7:53  SCV  
  22  8:05  SCV  
  23  8:22  Planetary Fortress  
  23  8:27  Starport Tech Lab  
  23  8:34  SCV  
  24  8:58  SCV  
  25  9:11  SCV  
  26  9:24  Marine  
  26  9:30  Missile Turret  
  27  9:37  SCV  
  28  9:42  Marine  
  29  10:29  Neosteel Armor  
  30  10:35  SCV  
  30  10:40  SCV  
  31  11:14  Orbital Command  
  31  11:20  Rapid Reignition System  
  31  11:27  Siege Tank  
  31  11:28  Refinery  
  34  12:01  SCV  
  23  12:20  Viking  
  21  12:23  Marine  
  17  12:35  Marine  
  4  13:44  Supply Depot  
  4  14:08  Engineering Bay  
  4  14:15  SCV  
  4  14:35  Hellion  
  4  14:57  Hellion  
  2  15:08  SCV  
  3  15:18  Hellion  
  3  15:20  SCV  
  3  15:39  Hellion  
  2  16:01  Hellion  
  2  16:16  Orbital Command  
  2  16:22  Hellion  
Show
View Real Time Build Order
Export as new Build Order

Behab Protoss 

Build Orders: Carriers 

Get SALT Encoding   

  12  0:01  Probe  
  13  0:13  Probe  
  14  0:21  Pylon  
  14  0:25  Probe  
  15  0:35  Probe  
  16  0:43  Probe  
  17  0:54  Probe  
  18  1:05  Probe  
  19  1:13  Probe  
  19  1:17  Nexus  
  20  1:22  Gateway, Probe  
  20  1:31  Assimilator  
  21  1:38  Probe  
  22  1:42  Assimilator  
  22  1:50  Probe  
  23  1:54  Pylon  
  23  2:05  Pylon  
  23  2:12  Probe  
  23  2:14  Cybernetics Core  
  24  2:24  Probe  
  24  2:25  Probe  
  26  2:33  Probe  
  26  2:36  Probe  
  27  2:40  Warp Gate  
  27  2:43  Probe  
  28  2:47  Forge  
  28  2:48  Probe  
  30  2:53  Adept  
  30  2:55  Probe  
  33  3:01  Probe  
  34  3:07  Probe  
  35  3:13  Stargate  
  35  3:15  Probe  
  35  3:19  Probe  
  37  3:22  Assimilator  
  37  3:26  Assimilator  
  37  3:27  Probe  
  37  3:32  Probe  
  39  3:37  Gateway  
  39  3:39  Protoss Ground Weapons Level 1, Probe  
  40  3:44  Probe  
  41  3:51  Probe  
  42  3:56  Probe  
  43  4:08  Fleet Beacon  
  43  4:11  Gateway  
  43  4:12  Pylon  
  43  4:19  Probe  
  42  4:31  Stalker  
  44  4:34  Stalker  
  46  4:39  Probe  
  46  4:42  Nexus  
  47  4:46  Oracle, Probe  
  47  4:51  Protoss Air Weapons Level 1  
  48  4:57  Probe  
  48  4:58  Probe  
  53  5:00  Stalker  
  55  5:09  Probe  
  55  5:10  Assimilator, Probe  
  57  5:21  Oracle, Probe  
  61  5:29  Probe  
  61  5:31  Stargate  
  61  5:33  Pylon  
  62  5:41  Pylon  
  62  5:47  Stargate  
  62  5:51  Probe x2  
  62  5:52  Assimilator  
  64  5:58  Probe  
  64  5:59  Robotics Facility  
  64  6:03  Probe x2  
  67  6:08  Stalker  
  67  6:09  Stalker x2  
  67  6:10  Probe  
  74  6:15  Probe x2  
  76  6:20  Carrier  
  76  6:22  Probe  
  83  6:27  Probe x2  
  91  6:33  Carrier  
  91  6:34  Probe  
  92  6:53  Pylon  
  92  6:54  Pylon  
  92  6:55  Observer  
  92  6:58  Pylon x2  
  93  7:09  Pylon  
  93  7:11  Carrier, Probe x2  
  93  7:13  Photon Cannon  
  93  7:14  Probe  
  102  7:16  Observer  
  103  7:23  Pylon, Probe x2  
  103  7:26  Carrier  
  103  7:29  Protoss Air Weapons Level 2  
  111  7:30  Pylon  
  111  7:37  Carrier, Observer  
  111  7:42  Cybernetics Core  
  118  7:51  Sentry x2  
  118  7:53  Twilight Council  
  118  7:54  Probe  
  123  8:03  Nexus  
  123  8:19  Stargate  
  123  8:22  Carrier  
  129  8:27  Assimilator  
  129  8:29  Probe  
  129  8:30  Probe x2  
  129  8:32  Assimilator  
  132  8:47  Carrier x2  
  144  9:15  Carrier  
  150  9:19  Pylon  
  150  9:20  Protoss Air Armor Level 1  
  150  9:24  Pylon x2  
  150  9:26  Pylon  
  150  9:28  Pylon  
  150  9:33  Mothership  
  158  9:49  Protoss Air Weapons Level 3  
  158  10:01  Carrier  
  164  10:20  Carrier, Observer  
  169  10:28  Observer  
  170  10:39  Pylon, Nexus  
  170  10:44  Carrier  
  170  10:45  Carrier  
  170  10:49  Protoss Shields Level 1  
  182  10:52  Pylon  
  182  10:54  Pylon  
  182  10:57  Pylon  
  182  10:58  Carrier  
  182  11:03  Protoss Air Armor Level 2  
  182  11:05  Photon Cannon  
  182  11:06  Photon Cannon  
  182  11:11  Pylon  
  188  11:28  Assimilator  
  188  11:33  Assimilator  
  188  11:37  Pylon  
  188  11:39  Pylon  
  188  11:40  Carrier  
  188  11:44  Carrier  
  194  11:47  Observer  
  194  12:41  Carrier  
  200  12:56  Photon Cannon  
  200  12:58  Photon Cannon  
  200  13:00  Photon Cannon  
  200  13:02  Photon Cannon  
  200  13:04  Photon Cannon  
  200  13:05  Photon Cannon  
  198  13:12  Nexus  
  198  13:15  Assimilator  
  198  13:19  Assimilator  
  198  13:21  Pylon  
  198  13:24  Pylon  
  198  13:26  Pylon  
  198  13:35  Photon Cannon  
  198  13:39  Photon Cannon  
  198  13:42  Photon Cannon  
  198  13:44  Photon Cannon  
  198  13:46  Pylon  
  198  13:50  Pylon  
  198  13:55  Pylon  
  198  14:16  Photon Cannon  
  198  14:18  Photon Cannon  
  198  14:20  Photon Cannon  
  198  14:23  Photon Cannon  
  198  14:25  Nexus  
  195  15:08  Photon Cannon  
  195  15:12  Photon Cannon  
  195  15:14  Pylon  
  195  15:17  Pylon  
  195  15:24  Observer  
  195  15:27  Nexus  
  195  15:31  Assimilator  
  195  15:35  Assimilator  
  195  16:04  Observer  
  195  16:14  Assimilator  
  195  16:20  Assimilator  
  199  16:41  Pylon  
  199  16:43  Pylon  
Show
View Real Time Build Order
Export as new Build Order

mjensen Terran 

Build Orders:  

Get SALT Encoding   

  12  0:08  SCV  
  13  0:20  SCV  
  14  0:30  Supply Depot  
  14  0:40  Refinery  
  14  0:58  SCV  
  15  1:07  Barracks  
  15  1:10  SCV  
  16  1:22  SCV  
  17  1:34  SCV  
  18  1:46  SCV  
  19  1:59  SCV  
  20  2:11  SCV  
  20  2:12  Engineering Bay  
  21  2:16  Marine  
  21  2:17  Supply Depot  
  22  2:34  Marine  
  23  2:44  Supply Depot  
  23  2:52  Marine  
  23  2:53  Factory  
  24  3:10  Marine  
  25  3:28  Marine  
  25  3:33  Supply Depot  
  26  3:45  Marine, Terran Infantry Weapons Level 1  
  27  3:51  SCV  
  28  4:00  Bunker  
  28  4:03  Marine, SCV  
  28  4:05  Refinery  
  30  4:10  Factory Tech Lab  
  30  4:15  SCV  
  31  4:18  Starport  
  31  4:21  Marine  
  31  4:23  Supply Depot  
  32  4:27  SCV  
  33  4:36  Missile Turret  
  33  4:39  Marine  
  33  4:40  SCV  
  33  4:43  Siege Tank  
  38  4:51  Supply Depot  
  38  5:10  Bunker  
  38  5:16  Marine  
  39  5:33  Marine  
  40  5:39  Terran Infantry Armor Level 1  
  40  5:51  Marine  
  40  5:53  Missile Turret  
  40  5:55  Siege Tank  
  44  6:09  Marine  
  45  6:12  Fusion Core, Starport Tech Lab  
  45  6:23  Starport Tech Lab  
  45  6:27  Marine  
  45  6:28  Siege Tank  
  49  6:43  Missile Turret  
  49  6:47  Barracks Reactor  
  49  7:08  Command Center  
  48  7:35  Bunker  
  48  7:37  Marine  
  48  7:38  Marine  
  48  7:43  Siege Tank  
  53  7:54  Supply Depot  
  53  7:55  Marine x2  
  55  8:13  Marine x2, Missile Turret  
  55  8:15  Siege Tank  
  55  8:19  Refinery  
  60  8:24  Refinery  
  60  8:31  Marine x2  
  62  8:35  Missile Turret  
  62  8:47  Siege Tank  
  65  8:55  Supply Depot  
  65  9:18  SCV  
  65  9:23  Missile Turret  
  66  9:30  SCV  
  67  9:42  SCV  
  67  9:46  SCV  
  68  9:54  SCV  
  68  9:58  SCV  
  64  10:01  Missile Turret  
  64  10:06  SCV  
  56  10:10  SCV  
  53  10:15  Missile Turret  
  53  10:18  SCV  
  54  10:22  Missile Turret  
  54  10:23  SCV  
  54  10:27  Battlecruiser  
  61  10:35  SCV  
  62  10:46  Missile Turret  
  62  10:47  SCV  
  63  10:56  Missile Turret  
  63  10:59  SCV  
  64  11:11  Missile Turret  
  64  11:13  SCV  
  65  11:25  SCV  
  66  11:31  Battlecruiser  
  72  11:37  SCV  
  73  11:49  SCV  
  73  11:52  SCV  
  75  12:02  Missile Turret  
  75  12:04  SCV  
  76  12:16  SCV  
  76  12:18  SCV  
  78  12:26  Neosteel Armor  
  78  12:29  SCV  
  79  12:30  SCV  
  79  12:35  Battlecruiser  
  79  12:36  Siege Tank  
  89  12:41  SCV  
  89  12:42  SCV  
  91  12:54  SCV  
  92  13:06  SCV  
  93  13:34  Missile Turret  
  93  13:41  SCV  
  94  14:04  Missile Turret  
  94  14:07  Hi-Sec Auto Tracking  
  94  14:17  SCV  
  94  14:20  Siege Tank  
  29  14:50  Command Center  
  4  16:10  SCV  
  5  16:21  Engineering Bay  
  5  16:22  SCV  
  6  16:34  SCV  
Tags
 
Add a new tag
Caveats
  • Supply blocks, unpowered buildings, or Contaminate may cause inaccurate times.
  • Supply counts are checked every 10 seconds.